cohdb
Replays
Latest Replays
All Replays
Popular Replays
Top Player Replays
Match Explorer
How It Works
Community
CoH3 Stats
Reddit
Sign in to upload your games and track your stats! →
Sign in with Steam
Match 45981993
Unlisted
Match 45981993
Overview
Messages
Build Orders
End
Panzergrenadier Squad
Panzergrenadier Squad
Panzergrenadier Squad
Construct Light Support Kompanie
MG34 Team
Fire Support Elements
Panzergrenadier Squad
2.5-tonne Medical Truck
Panzerjäger Mechanized Group
Construct Mechanized Kompanie
Pak 38 Anti-tank Gun Team
Selects Battlefield Espionage Battlegroup
Selects Intel Disruption Beacon
Selects Plunder
Selects Firestorm
Selects 250/3 Funkpanzerwagen
Selects Anti-Tank Incendiary Munitions
Firestorm
Assault Mechanized Group
Panzerpioneer Squad
Sad Pepe
B3LK0x☠
0
0
Comments
sign in to comment!
No comments posted yet!